 Dungeon Crawl Stone Soup version 0.21.1-1-g345015fe64 (webtiles) character file.

84 waaargh the Charlatan (level 4, -8/25 HPs)
             Began as a Deep Elf Artificer on May 7, 2018.
             Killed by nerve-wracking pain
             ... invoked by Name63's ghost
              (13 damage)
             ... on level 3 of the Dungeon.
             The game lasted 00:27:26 (1807 turns).

waaargh the Charlatan (Deep Elf Artificer)          Turns: 1807, Time: 00:27:27

Health: -8/25      AC: 10    Str:  9      XL:     4   Next: 24%
Magic:  9/9        EV:  4    Int: 16 (17) God:
Gold:   95         SH:  0    Dex: 15      Spells: 4/4 levels left

rFire    . . .     SeeInvis .   c - +0 mace
rCold    . . .     Gourm    .   (no shield)
rNeg     . . .     Faith    .   l - +0 chain mail
rPois    .         Spirit   .   s - +1 hat
rElec    .         Reflect  .   (no cloak)
rCorr    .         Harm     .   (no gloves)
MR       .....                  j - +0 pair of boots
Stlth    ..........             h - amulet of regeneration {well who cares}
HPRegen  0.48/turn              g - ring of wizardry
MPRegen  0.11/turn              (no ring)

@: no status effects
A: no striking features
a: no special abilities


You were on level 3 of the Dungeon.
You were not hungry.

You visited 1 branch of the dungeon, and saw 3 of its levels.

You collected 95 gold pieces.

Inventory:

Hand Weapons
 a - a +0 short sword
 c - a +0 mace (weapon)
 q - a +0 dagger
 u - a +0 short sword
 w - a +0 mace
Missiles
 o - 62 arrows
 p - 46 bolts
Armour
 b - a +0 leather armour
 j - a +0 pair of boots (worn)
 k - a +0 ring mail
 l - a +0 chain mail (worn)
 m - a +0 leather armour
 n - a +0 robe
 s - a +1 hat (worn)
 t - a +0 ring mail
Jewellery
 g - a ring of wizardry (left hand)
 h - an amulet of regeneration (around neck) {well who cares}
Wands
 d - a wand of enslavement (10)
 e - a wand of random effects (9)
Scrolls
 i - 2 scrolls of remove curse
 v - a scroll of enchant armour {unknown}
 x - a scroll of fear {unknown}
 y - a scroll of magic mapping {unknown}
Potions
 r - a potion of curing {unknown}
Comestibles
 f - 5 rations


   Skills:
 * Level 1.3 Fighting
 + Level 1.0 Short Blades
 + Level 1.3 Armour
 + Level 3.1 Dodging
 - Level 1.4 Stealth
 * Level 0.7 Spellcasting
 * Level 4.2 Evocations


You had 4 spell levels left.
You didn't know any spells.

Dungeon Overview and Level Annotations

Branches:
Dungeon (3/15)

Altars:

Annotations:
D:3 Name63's ghost, amateur GnNe


Message History

Name63's ghost hits you but does no damage. x2
Name63's ghost points at you and mumbles some strange words.
Pain shoots through your body!
Name63's ghost gestures at you while chanting.
Pain shoots through your body!
Name63's ghost gestures at you while chanting.
Pain shoots through your body!
* * * LOW HITPOINT WARNING * * *
Aiming: Random Effects
Press: ? - help, Shift-Dir - straight line, f - Name63's ghost
Aim: Name63's ghost (lightly damaged) Name63's ghost looks slightly unstable.
Aiming: Random Effects
Press: ? - help, Shift-Dir - straight line, f/p - Name63's ghost
Aim: Name63's ghost (lightly damaged)
The bolt of poison misses Name63's ghost.
Name63's ghost casts a spell at you. Pain shoots through your body!
Ouch! That really hurt!
You die...

###.# ##.#.# ##....#
#.....# ##...## ##.##
#.#
#.##################.#
#.....)....@..W......#
#.####################
#.# #.# #.# ..# ..#
###


You could see Name63's ghost.

Vanquished Creatures
  3 adders (D:2)
  An ooze (D:1)
  A worm (D:2)
  3 dart slugs
  A leopard gecko (D:3)
  2 ball pythons
  2 giant cockroaches
  A goblin (D:1)
  4 hobgoblins
  6 jackals (D:2)
  A quokka (D:2)
  4 bats
  2 frilled lizards
  7 kobolds
38 creatures vanquished.

Vanquished Creatures (collateral kills)
  A frilled lizard (D:1)
  A rat (D:1)
2 creatures vanquished.

Vanquished Creatures (others)
  A bat (D:1)
  A hobgoblin (D:1)
2 creatures vanquished.

Grand Total: 42 creatures vanquished

Notes
Turn   | Place    | Note
-------+----------+-------------------------------------------
     0 | D:1      | waaargh the Deep Elf Artificer began the quest for the Orb.
     0 | D:1      | Reached XP level 1. HP: 11/11 MP: 5/5
   119 | D:1      | Reached skill level 1 in Fighting
   119 | D:1      | Reached XP level 2. HP: 8/16 MP: 6/6
   906 | D:2      | Reached XP level 3. HP: 19/20 MP: 7/7
   964 | D:2      | Reached skill level 1 in Armour
  1099 | D:2      | Reached skill level 4 in Evocations
  1214 | D:2      | Reached XP level 4. HP: 25/25 MP: 9/9
  1793 | D:3      | Noticed Name63's ghost (amateur GnNe)
  1807 | D:3      | Killed from afar by Name63's ghost

Skill      XL: |  1  2  3 |
---------------+----------+-----
Fighting       | 1 |  1.3
Dodging        | 3 |  3.1
Armour         | 1 |  1.3
Evocations     | 4 |  4.2
Short Blades   | |  1.0
Stealth        | |  1.4
Spellcasting   | |  0.7

Action                   |  1- 3 |  4- 6 || total
-------------------------+-------+-------++-------
Melee: Short sword       |   118 |    28 ||   146
       Mace              |       |    15 ||    15
Evoke: Wand              |    22 |     4 ||    26
  Use: Potion            |     2 |       ||     2
       Scroll            |     2 |     1 ||     3
  Eat: Ration            |     1 |       ||     1
Armor: Leather armour    |    12 |       ||    12
       Chain mail        |    89 |    41 ||   130
Dodge: Dodged            |    58 |     7 ||    65
